AoeStats
← Green Assassin

Black Forest

508322558Analyzed
4v4 RM · 10d ago on Sep 21, 2026· 52m 36s· 8 players
Game mode
Random Map
Map size
Large (8 player)
Population
200
Speed
Normal
Resources
Standard
Victory
Conquest
Starting age
Dark Age
Ending age
Imperial Age
RankedLock teamsTeams togetherTeam positionsShared explorationLock speedFull tech treeHidden civsTurbo modeCheats
Victory
Defeat
🇩🇪 Persians · Germany
1160
+16
🇦🇷 Aztecs · Argentina
1142
+17
🇲🇽 Lithuanians · Mexico
1084
+19
🇲🇽 Khmer · Mexico
1046
+19
🇺🇸 Teutons · United States
1159
-18
🇩🇴 Romans · Dominican Republic
1156
-18
🇺🇸 Bohemians · United States
1154
-18
🇬🇹 Poles · Guatemala
1139
-17
NY-Radamantiz
0:28 Loom
12:07 Feudal Age
16:53 Castle Age
15:05 Double-Bit Axe
15:03 Horse Collar
17:57 Bow Saw
26:09 Scale Barding Armor
27:39 Chain Barding Armor
29:47 Husbandry
30:42 Forging
30:52 Heavy Plow
33:15 Iron Casting
32:47 Pikeman
36:15 Wheelbarrow
36:44 Scale Mail Armor
37:50 Fletching
37:59 Town Watch
38:52 Squires
41:27 Imperial Age
41:47 Chemistry
43:07 Chain Mail Armor
43:52 Blast Furnace
46:41 Halberdier
51:30 Conscription
Jaffeth15
0:29 Loom
13:33 Feudal Age
19:00 Castle Age
18:36 Double-Bit Axe
22:44 Wheelbarrow
25:00 Horse Collar
26:10 Forging
29:48 Scale Mail Armor
29:55 Town Watch
32:38 Heavy Plow
33:26 Iron Casting
37:20 Imperial Age
35:14 Fletching
35:29 Gold Mining
35:31 Stone Mining
36:02 Chain Mail Armor
37:15 Hand Cart
36:24 Man-at-Arms
37:05 Squires
36:51 Arson
38:29 Conscription
37:32 Long Swordsman
38:35 Two-Handed Swordsman
42:08 Plate Mail Armor
41:59 Champion
44:33 Town Patrol
46:07 Pikeman
48:31 Blast Furnace
47:27 Bodkin Arrow
NY-HENRY
0:27 Loom
15:17 Feudal Age
30:55 Double-Bit Axe
42:35 Castle Age
41:09 Forging
41:51 Scale Mail Armor
42:38 Pikeman
47:13 Bloodlines
47:54 Scale Barding Armor
adriel.fe1123
0:33 Loom
12:57 Feudal Age
18:34 Castle Age
17:43 Fletching
18:28 Padded Archer Armor
24:26 Leather Archer Armor
MZTK | ___Jaque_mate
4:15 Loom
9:15 Feudal Age
10:50 Double-Bit Axe
11:29 Fletching
11:30 Town Watch
23:04 Castle Age
20:59 Horse Collar
24:35 Wheelbarrow
24:12 Bow Saw
23:59 Crossbowman
26:57 Bodkin Arrow
26:57 Gold Mining
33:05 Town Patrol
35:42 Imperial Age
36:32 Fervor
35:52 Capped Ram
38:13 Illumination
38:18 Sanctity
39:23 Arbalester
42:16 Padded Archer Armor
43:44 Fortified Wall
44:26 Hand Cart
44:50 Gold Shaft Mining
46:05 Bracer
46:32 Ballistics
48:21 Town Patrol
48:39 Leather Archer Armor
51:05 Ring Archer Armor
51:39 Chemistry
Gustatro
0:28 Loom
15:41 Feudal Age
Green Assassin
0:29 Loom
13:10 Feudal Age
15:22 Wheelbarrow
19:14 Castle Age
17:39 Horse Collar
17:52 Double-Bit Axe
23:14 Scale Barding Armor
23:20 Forging
25:50 Bloodlines
25:41 Husbandry
29:36 Heavy Plow
38:55 Iron Casting
38:47 Chain Barding Armor
39:27 Gold Mining
40:04 Caravan
41:26 Hand Cart
43:55 Imperial Age
43:31 Cavalier
44:49 Plate Barding Armor
45:15 Blast Furnace
44:44 Conscription
45:10 Savar
48:46 Elite War Elephant
Chaneitor
0:27 Loom
12:53 Feudal Age
17:27 Castle Age
16:20 Double-Bit Axe
17:32 Eagle Warrior
17:58 Gambesons
19:41 Squires
21:54 Scale Mail Armor
24:47 Redemption
33:41 Imperial Age
32:02 Wheelbarrow
31:12 Town Watch
33:09 Chain Mail Armor
33:05 Forging
34:09 Sanctity
33:49 Atonement
34:49 Fletching
35:54 Hand Cart
35:39 Town Patrol
37:33 Iron Casting
38:07 Chemistry
37:35 Bodkin Arrow
38:23 Plate Mail Armor
41:21 Blast Furnace
44:30 Garland Wars
47:08 Ballistics
47:19 Bodkin Arrow
47:25 Padded Archer Armor
48:13 Siege Engineers
47:35 Crossbowman
48:51 Arbalester
49:38 Bracer
49:54 Leather Archer Armor
Connection lost

Rejoining the realm…

Still unreachable

The connection could not be restored.

Session expired

The server has moved on; the page needs a fresh start.